 Dungeon Crawl Stone Soup version 0.27-a0-1312-g5cdb2b3542 (webtiles) character file.

Game seed: 5605363448767030962

46 Froggeryz the Slasher (level 3, -1/43 HPs)
             Began as a Barachi Berserker on June 20, 2021.
             Was a Follower of Trog.
             Slain by Robin (6 damage)
             ... on level 2 of the Dungeon.
             The game lasted 00:02:28 (1751 turns).

Froggeryz the Slasher (Barachi Berserker)           Turns: 1751, Time: 00:02:29

Health: -1/43      AC:  2    Str: 19    XL:     3   Next: 68%
Magic:  3/3        EV: 12    Int:  7    God:    Trog [*.....]
Gold:   41         SH:  0    Dex: 11    Spells: 2/2 levels left

rFire    . . .     SeeInvis .   a - +0 falchion
rCold    . . .     Faith    .   (no shield)
rNeg     . . .     Spirit   .   b - +0 animal skin
rPois    .         Reflect  .   (no helmet)
rElec    .         Harm     .   (no cloak)
rCorr    .         Rampage  .   (no gloves)
Will     .....                  (no boots)
Stlth    ..........             (no amulet)
HPRegen  0.14/turn              (no ring)
MPRegen  0.08/turn              (no ring)

@: berserking (expiring), quick
A: amphibious, slowness 1, strong legs 1, +LOS
a: Hop, Renounce Religion, Berserk


You were on level 2 of the Dungeon.
You worshipped Trog.
Trog was aware of your devotion.
You visited 1 branch of the dungeon, and saw 2 of its levels.

You collected 41 gold pieces.

Inventory:

Hand Weapons
 a - a +0 falchion (weapon)
Armour
 b - a +0 animal skin (worn)
Scrolls
 c - a scroll of enchant weapon {unknown}
 e - a scroll of identify {unknown}
 g - a scroll of magic mapping {unknown}
Potions
 d - a potion of heal wounds {unknown}
 f - a potion of brilliance {unknown}


   Skills:
 - Level 3.6 Fighting
 * Level 5.0 Long Blades
 + Level 3.3 Armour
 - Level 2.1 Dodging


You had 2 spell levels left.
You didn't know any spells.
Your spell library was empty.

Dungeon Overview and Level Annotations

Branches:
Dungeon (2/15)

Altars:

Shops:
D:2 [

Annotations:
D:2 Robin


Innate Abilities, Weirdness & Mutations

You are amphibious.
You cover ground slowly.
You can hop short distances.
You have an extended range of vision and can be seen from far away.


Message History

You are too injured to fight recklessly!
You are too injured to fight recklessly!
You are too injured to fight recklessly!
You are too injured to fight recklessly!
You are too injured to fight recklessly!
You are too injured to fight recklessly!
You are too injured to fight recklessly!
You are too injured to fight recklessly!
You barely miss the goblin. The goblin hits you but does no damage.
Robin throws the goblin at you!
You slash the hobgoblin!
You kill the hobgoblin!
Trog accepts your kill. The goblin hits you but does no damage.
Your Long Blades skill increases to level 5!
You hit the goblin.
The goblin is heavily wounded.
Robin barely misses you.
You closely miss the goblin.
The goblin is heavily wounded.
The goblin completely misses you. Robin hits you with a +0 club.
* * * LOW HITPOINT WARNING * * *
You barely miss the goblin.
The goblin is heavily wounded.
The goblin barely misses you.
You slash the goblin!
You kill the goblin!
Trog accepts your kill. Robin hits you with a +0 club.
* * * LOW HITPOINT WARNING * * *
You hit Robin.
Robin is moderately wounded.
Robin hits you with a +0 club.
* * * LOW HITPOINT WARNING * * *
You hit Robin.
Robin is heavily wounded.
You closely miss Robin.
Robin is heavily wounded.
Robin hits you with a +0 club.
You die...

........#..# ......#..#
########.....#..#
#♣..∩..♣#........#
#..≈≈≈..#........#
#.≈≈≈≈≈.#.......##
#.≈≈≈≈≈.#...>.#.#
#.≈≈≈≈≈.#..<....# #
#..≈≈≈..#..@...##
####.##.....##.†(g..#
...............)....#
####............########gg.
#.............g?gggg.gg.
#......#.###.########...
#..[###.....#.# #..##
#.....#.# #.# #.....#^#


You could see Robin.

Vanquished Creatures
  A dart slug (D:1)
  5 endoplasms (D:1)
  A giant cockroach (D:1)
  12 goblins
  7 hobgoblins
  A ball python (D:1)
  4 bats
  2 frilled lizards (D:1)
  5 kobolds (D:1)
  A rat (D:2)
39 creatures vanquished.

Notes
Turn   | Place    | Note
-------+----------+-------------------------------------------
     0 | D:1      | Froggeryz the Barachi Berserker began the quest for the
                  | Orb.
     0 | D:1      | Reached XP level 1. HP: 18/18 MP: 1/1
    95 | D:1      | Reached skill level 4 in Long Blades
   169 | D:1      | Reached XP level 2. HP: 24/24 MP: 2/2
   584 | D:1      | Found a faded altar of an unknown god.
  1014 | D:1      | Reached XP level 3. HP: 25/29 MP: 3/3
  1400 | D:2      | Found Mezezud's Armour Shop.
  1437 | D:2      | Noticed Robin
  1745 | D:2      | Reached skill level 5 in Long Blades
  1751 | D:2      | Slain by Robin

Illustrated notes

Levels and vault maps discovered:
D:1:      lemuel_arrival_cross, layout_loops_ring, basic_ecumenical_altar
D:2:      layout_rooms, serial_shops, nicolae_lakefront_shop, uniq_robin

Skill      XL: |  1  2  3 |
---------------+----------+-----
Long Blades    | 4 5 |  5.0
Armour         | 3 |  3.3
Fighting       | |  3.6
Dodging        | |  2.1

Action                   || total
-------------------------++-------
Melee: Falchion          ||   116
Invok: Berserk           ||     1
 Stab: Sleeping          ||     1
Armor: Animal skin       ||    22
Dodge: Dodged            ||    88
       Rpst.: Falchion   ||    28

Table legend: (Time is in decaauts)
 A = Elapsed time spent in this place.
 B = Non-inter-level travel time spent in this place.
 C = Inter-level travel time spent in this place.
 D = Time resting spent in this place.
 E = Time spent auto-exploring this place.
 F = Levels seen in this place.
 G = Mean time per level.
                   A        B        C        D        E       F      G
               +--------+--------+--------+--------+--------+-----+--------+
         Total |   1895 |   1863 |     32 |    439 |   1166 |   2 |  947.5 |
       Dungeon |   1895 |   1863 |     32 |    439 |   1166 |   2 |  947.5 |
               +--------+--------+--------+--------+--------+-----+--------+

Top non-repeatable levels by time:
     D:1: 1798 daAuts
     D:2: 97 daAuts
